 Dungeon Sprint DCSS version 0.28-a0-479-g5baa6b73be (webtiles) character file.

Game seed: 17340101721567428189

10748 MikeHunt the Black Belt (level 11, -10/92 HPs)
             Began as a Demonspawn Ice Elementalist on Sept 18, 2021.
             Was an Initiate of Gozag.
             Collided with a soul eater (30 damage)
             ... caused by Sigmund
             ... in the Dungeon (Sprint III: "The Ten Rune Challenge").
             The game lasted 00:15:44 (3521 turns).

MikeHunt the Black Belt (DsIE)                      Turns: 3521, Time: 00:15:45

Health: -10/92     AC: 27    Str:  9    XL:     11   Next: 40%
Magic:  2/23       EV: 19    Int: 20    God:    Gozag
Gold:   2472       SH:  6    Dex: 19    Spells: 16/27 levels left

rFire   + . .      SeeInvis +     - Unarmed
rCold   + + +      Faith    .   a - +0 buckler {rF+}
rNeg    . . .      Spirit   .   l - +4 skin of Zhor {*Englaciate rC+++ SInv}
rPois   .          Reflect  .   n - +2 hat "Vozxeyse" {Dex+3 SInv}
rElec   +          Harm     .   m - scarf {shadows}
rCorr   .          Rampage  .   (no gloves)
Will    .....      NoTele   +   i - +2 pair of boots {Fly}
Stlth   ++........              (no amulet)
HPRegen 0.25/turn               o - ring "Vackan" {AC+4 Int+3}
MPRegen 0.18/turn               (no ring)

@: ice-armoured, freezing walls, flying, very slightly contaminated
A: horns 1, yellow scales 2, demonic guardian 3, ignite blood 1, electricity
resistance, wild magic 1, MP-powered wands
a: Renounce Religion, Potion Petition, Call Merchant, Bribe Branch


You were in the Dungeon.
You worshipped Gozag.
Gozag was most pleased with you.
You visited 1 branch You collected 8644 gold pieces.
You spent 2826 gold pieces at shops.
You paid 3346 gold pieces to Gozag.

Inventory:

Armour
 a - a +0 buckler of fire resistance (worn)
 i - a +2 pair of boots of flying (worn)
 l - the +4 skin of Zhor (worn) {*Englaciate rC+++ SInv}
   (You bought it in a shop in the Dungeon)

   It radiates cold, occasionally slowing all nearby creatures who are not
   resistant to cold.
   rC:        It renders you almost immune to cold.
   SInv:      It lets you see invisible.
 m - a scarf of shadows (worn)
 n - the +2 hat "Vozxeyse" (worn) {Dex+3 SInv}
   (You bought it in a shop in the Dungeon)

   Dex:       It affects your dexterity (+3).
   SInv:      It lets you see invisible.
Jewellery
 o - the ring "Vackan" (left hand) {AC+4 Int+3}
   (You bought it in a shop in the Dungeon)

   [ring of protection]

   AC:        It affects your AC (+4).
   Int:       It affects your intelligence (+3).
Scrolls
 g - a scroll of blinking
 k - a scroll of identify
Potions
 b - 2 potions of curing
 c - a potion of berserk rage
 d - a potion of lignification
 e - 2 potions of magic
 f - 3 potions of mutation
 j - a potion of cancellation
Miscellaneous
 h - a lightning rod (inert)


   Skills:
 - Level 10.8 Fighting
 - Level 10.1 Dodging
 - Level 1.7 Stealth
 - Level 4.0 Shields
 + Level 15.3 Unarmed Combat
 - Level 8.7 Spellcasting
 - Level 4.0 Conjurations
 - Level 9.2 Ice Magic
 + Level 9.8 Evocations


You had 16 spell levels left.
You knew the following spells:

 Your Spells              Type           Power      Damage    Failure   Level
a - Hailstorm             Conj/Ice       45%        3d10      9%          4
b - Frozen Ramparts       Ice            100%       1d12      1%          3
e - Freeze                Ice            100%       1d11      1%          1
x - Ozocubu's Armour      Ice            56%        N/A       1%          3

Your spell library contained the following spells:

 Spells                   Type           Power      Damage    Failure   Level
 Blink                    Tloc           N/A        N/A       17%         2
 Corpse Rot               Necr/Air       N/A        N/A       17%         2
 Poisonous Vapours        Pois/Air       22%        N/A       17%         2
 Lesser Beckoning         Tloc           11%        N/A       32%         3
 Manifold Assault         Tloc           11%        N/A       95%         5


Dungeon Overview and Level Annotations

Branches:
Dungeon (1/1)

Altars:
Cheibriados
Dithmenos
Elyvilon
Fedhas
Gozag
Hepliaklqana
Kikubaaqudgha
Makhleb
Nemelex Xobeh
Okawaru
Qazlal
Ru
Sif Muna
Trog
Uskayaw
Vehumet
Wu Jian
Xom
Yredelemnul
Zin
The Shining One
Beogh
Jiyva
Lugonu

Shops:
D [:=*[

Annotations:
D 1 exclusion, Edmund, Sigmund


Innate Abilities, Weirdness & Mutations

You have a pair of small horns on your head.
You are mostly covered in yellow scales. (AC +3)
A powerful demonic guardian rushes to your aid.
Your demonic aura sometimes causes spilled blood to erupt in flames.
You are resistant to electric shocks. (rElec)
Your spells are a little harder to cast, but a little more powerful.
You expend magic power (3 MP) to strengthen your wands.


Message History

Casting: Hailstorm (dangerous; 9% risk of failure)
Press: ? - help, Q - select action, (/) - cycle Dir - look around, f - activate A cannonade of hail descends around you!
The hail pelts Sigmund.
Sigmund is heavily wounded.
The wall freezes Edmund!
Edmund closely misses you.
The wall freezes Sigmund!
Sigmund completely misses you.
Casting: Hailstorm (dangerous; 9% risk of failure)
Press: ? - help, Q - select action, (/) - cycle Dir - look around, f - activate You miscast Hailstorm.
You are very lightly contaminated with residual magic.
Sparks fly from your hands!
The wall freezes Edmund!
Edmund hits you but does no damage.
The wall freezes Sigmund!
You block Sigmund's attack.
You punch Edmund!
Edmund is heavily wounded.
The wall freezes Edmund!
You block Edmund's attack.
Casting: Hailstorm (dangerous; 9% risk of failure)
Press: ? - help, Q - select action, (/) - cycle Dir - look around, f - activate A cannonade of hail descends around you!
The hail pelts Sigmund!!
Sigmund is severely wounded.
The wall freezes Edmund.
Edmund hits you but does no damage.
The wall freezes Sigmund!
Sigmund hits you but does no damage. Space bends around you.
A demonic guardian appears!
Unknown command.
You barely miss Edmund. You headbutt Edmund.
Edmund is heavily wounded.
The wall freezes Edmund!
Edmund hits you but does no damage.
You punch Edmund!
Edmund is severely wounded.
The wall freezes Sigmund!
Sigmund gestures at you while chanting. The lance of force hits you!!
* * * LOW HITPOINT WARNING * * *
You are knocked back by the lance of force.
You collide with your soul eater!
You die...
Your body crumbles into a pile of gold.

#[###########################***,
#))..#.#.#.....#^.....'...≈≈#,**$
##[#..#.##.###.#......#...≈≈###**
'##[#.#.##)#.[##......#...≈≈≈≈#*,
#).)#..#..##..)...^^..#...≈≈≈≈#*,
▓▓▓▓▓▓▓▓▓▓▓▓▓▓#^^.....#.......#*,
........≈≈≈...#.^...^.#.......#**
≈≈≈≈≈≈≈≈≈≈♣♣P.'.3.^^..#.......#*,
♣♣♣♣♣♣♣♣♣♣♣♣P.#.@@.^..#########**
♣♣♣##'######*********,
♣♣♣♣♣♣♣♣♣♣♣♣***.@.+,≈≈≈≈**,,≈≈≈**
.##≈≈≈≈≈≈..#$$#...#,≈≈≈≈*≈,≈*≈≈*,
#)#≈≈≈≈≈...#$$#...#,*≈≈≈**≈**≈≈**
.##+≈≈≈≈○####+#####,*,≈≈≈***≈≈≈*,
...#≈≈..§☼☼§§,*,,,,,***≈≈≈≈≈≈≈≈**
#..#≈..+#####**,,,,,*,*,≈≈≈≈≈≈≈*,
####...#,,,,,,*,,,,,*+***≈≈≈≈≈≈*,


You could see Edmund, Sigmund (invisible, ally target) and a friendly soul eater
(summoned).

Vanquished Creatures
  Erolcha (D)
  2 hydras (D)
  Urug (D)
  A deep elf pyromancer (D)
  2 cane toads (D)
  A rime drake (D)
  A komodo dragon (D)
  A queen bee (D)
  4 blink frogs (D)
  2 tyrant leeches (D)
  3 wandering mushrooms (D)
  4 redbacks (D)
  A shadow (D)
  A swamp drake (D)
  3 orc warriors (D)
  A necrophage (D)
  5 two-headed ogres (D)
  A scorpion (D)
  A water elemental (D)
  32 killer bees (D)
  An electric eel (D)
  A jelly (D)
  An orc priest (D)
  Jessica (D)
  A wizard (D)
  A necromancer (D)
  2 orc wizards (D)
  3 humans (D)
  A kobold demonologist (D)
  11 orcs (D)
  A goblin (D)
  3 rats (D)
95 creatures vanquished.

Vanquished Creatures (collateral kills)
  A lindwurm (D)
  A blink frog (D)
  A redback (D)
3 creatures vanquished.

Vanquished Creatures (others)
  A plant (D)
1 creature vanquished.

Grand Total: 99 creatures vanquished

Notes
Turn   | Place    | Note
-------+----------+-------------------------------------------
     0 | D        | MikeHunt the Demonspawn Ice Elementalist began the quest
                  | for the Orb.
     0 | D        | Reached XP level 1. HP: 13/13 MP: 3/3
    78 | D        | Noticed Jessica
    82 | D        | Killed Jessica
    83 | D        | Reached skill level 5 in Ice Magic
    83 | D        | Gained mutation: You are partially covered in yellow
                  | scales. (AC +2) [demonic ancestry]
    83 | D        | Reached XP level 2. HP: 10/19 MP: 1/7
   233 | D        | Reached XP level 3. HP: 12/24 MP: 0/9
   425 | D        | Learned a level 3 spell: Frozen Ramparts
   429 | D        | Learned a level 3 spell: Ozocubu's Armour
   429 | D        | Noticed a scorpion
   437 | D        | Killed a scorpion
   438 | D        | Reached XP level 4. HP: 30/30 MP: 3/12
   500 | D        | Noticed a water elemental
   507 | D        | Killed a water elemental
   508 | D        | Reached skill level 2 in Unarmed Combat
   508 | D        | Gained mutation: You are mostly covered in yellow scales.
                  | (AC +3) [demonic ancestry]
   508 | D        | Reached XP level 5. HP: 14/35 MP: 1/14
   651 | D        | Gained mutation: Your spells are a little harder to cast,
                  | but a little more powerful. [potion of mutation]
   651 | D        | Gained mutation: You are resistant to electric shocks.
                  | (rElec) [potion of mutation]
   651 | D        | Gained mutation: You expend magic power (3 MP) to
                  | strengthen your wands. [potion of mutation]
   706 | D        | Reached skill level 3 in Unarmed Combat
   729 | D        | Learned a level 4 spell: Hailstorm
   730 | D        | Found a shadowy altar of Dithmenos.
   730 | D        | Noticed a necrophage
   737 | D        | Killed a necrophage
   738 | D        | Reached skill level 4 in Unarmed Combat
   738 | D        | Gained mutation: A weak demonic guardian rushes to your
                  | aid. [demonic ancestry]
   738 | D        | Reached XP level 6. HP: 20/41 MP: 10/16
   893 | D        | Found a basalt altar of Yredelemnul.
   893 | D        | Found a sacrificial altar of Ru.
  1053 | D        | Noticed a shadow
  1089 | D        | Killed a shadow
  1090 | D        | Reached skill level 5 in Unarmed Combat
  1327 | D        | Found a blossoming altar of Fedhas.
  1327 | D        | Found a stormy altar of Qazlal.
  1328 | D        | Found a snail-covered altar of Cheibriados.
  1328 | D        | Found a burning altar of Makhleb.
  1328 | D        | Found a hazy altar of Hepliaklqana.
  1328 | D        | Found a shimmering altar of Xom.
  1328 | D        | Found an opulent altar of Gozag.
  1328 | D        | Found a sparkling altar of Nemelex Xobeh.
  1328 | D        | Found a corrupted altar of Lugonu.
  1328 | D        | Found a viscous altar of Jiyva.
  1328 | D        | Noticed a spatial vortex
  1332 | D        | Became a worshipper of Gozag Ym Sagoz the Greedy
  1351 | D        | Found a radiant altar of Vehumet.
  1352 | D        | Found a shimmering blue altar of Sif Muna.
  1352 | D        | Found an ancient bone altar of Kikubaaqudgha.
  1355 | D        | Reached skill level 6 in Unarmed Combat
  1356 | D        | Noticed a rust devil
  1357 | D        | Reached skill level 1 in Fighting
  1398 | D        | Noticed a deep elf pyromancer
  1408 | D        | Killed a deep elf pyromancer
  1409 | D        | Reached skill level 5 in Fighting
  1409 | D        | Reached skill level 5 in Dodging
  1409 | D        | Reached skill level 7 in Unarmed Combat
  1409 | D        | Gained mutation: Your demonic aura sometimes causes spilled
                  | blood to erupt in flames. [demonic ancestry]
  1409 | D        | Reached XP level 7. HP: 24/56 MP: 12/19
  1587 | D        | Found a hide-covered altar of Uskayaw.
  1587 | D        | Found an iron altar of Okawaru.
  1587 | D        | Found a bloodstained altar of Trog.
  1587 | D        | Found an ornate altar of the Wu Jian Council.
  1587 | D        | Noticed a human
  1591 | D        | Noticed a human
  1597 | D        | Killed a human
  1597 | D        | Killed a human
  1598 | D        | Reached skill level 8 in Unarmed Combat
  1598 | D        | Gained mutation: You have a pair of small horns on your
                  | head. [demonic ancestry]
  1598 | D        | Reached XP level 8. HP: 61/64 MP: 14/20
  1773 | D        | Noticed a two-headed ogre
  1784 | D        | Killed a two-headed ogre
  1870 | D        | Reached skill level 9 in Unarmed Combat
  2008 | D        | Found Onub's General Store.
  2026 | D        | Bought a potion of lignification for 36 gold pieces
  2026 | D        | Bought a lightning rod (4/4) for 360 gold pieces
  2026 | D        | Bought a scroll of magic mapping for 42 gold pieces
  2026 | D        | Bought a scroll of identify for 24 gold pieces
  2029 | D        | Bought a +2 pair of boots of flying for 258 gold pieces
  2029 | D        | Bought the +4 skin of Zhor {*Englaciate rC+++ SInv} for 798
                  | gold pieces
  2029 | D        | Found the +4 skin of Zhor {*Englaciate rC+++ SInv}
  2047 | D        | Bought a +0 buckler of fire resistance for 138 gold pieces
  2072 | D        | Noticed a two-headed ogre
  2072 | D        | Noticed Erolcha
  2079 | D        | Killed Erolcha
  2080 | D        | Reached XP level 9. HP: 60/75 MP: 13/21
  2081 | D        | Killed a two-headed ogre
  2082 | D        | Reached skill level 10 in Unarmed Combat
  2178 | D        | Noticed a wandering mushroom
  2182 | D        | Noticed a wandering mushroom
  2184 | D        | Noticed a wandering mushroom
  2204 | D        | Killed a wandering mushroom
  2205 | D        | Reached skill level 5 in Evocations
  2213 | D        | Killed a wandering mushroom
  2214 | D        | Gained mutation: A demonic guardian rushes to your aid.
                  | [demonic ancestry]
  2214 | D        | Reached XP level 10. HP: 83/83 MP: 10/22
  2299 | D        | Noticed a cane toad
  2299 | D        | Noticed a cane toad
  2305 | D        | Killed a cane toad
  2305 | D        | Killed a cane toad
  2306 | D        | Reached skill level 10 in Fighting
  2306 | D        | Reached skill level 11 in Unarmed Combat
  2593 | D        | Reached skill level 10 in Dodging
  2666 | D        | Noticed a lindwurm
  2677 | D        | Killed a lindwurm
  2678 | D        | Reached skill level 12 in Unarmed Combat
  2897 | D        | Noticed Urug
  2918 | D        | Killed Urug
  2919 | D        | Reached skill level 13 in Unarmed Combat
  2969 | D        | Noticed a five-headed hydra
  2969 | D        | Noticed an eight-headed hydra
  2981 | D        | Killed an eight-headed hydra
  2984 | D        | Killed a five-headed hydra
  2985 | D        | Reached skill level 14 in Unarmed Combat
  2985 | D        | Gained mutation: A powerful demonic guardian rushes to your
                  | aid. [demonic ancestry]
  2985 | D        | Reached XP level 11. HP: 57/92 MP: 10/23
  3345 | D        | Bought an embroidered scarf for 160 gold pieces
  3352 | D        | Bought a masterwork hat for 180 gold pieces
  3352 | D        | Identified the +2 hat "Vozxeyse" {Dex+3 SInv} (You bought
                  | it in a shop in the Dungeon)
  3357 | D        | Bought a pair of fine boots for 190 gold pieces
  3357 | D        | Identified the -6 pair of boots of Tomorrow {rCorr} (You
                  | bought it in a shop in the Dungeon)
  3366 | D        | Bought the ring "Vackan" {AC+4 Int+3} for 640 gold pieces
  3402 | D        | Reached skill level 15 in Unarmed Combat
  3509 | D        | Noticed Sigmund
  3509 | D        | Noticed Edmund
  3521 | D        | Collided with a soul eater

Illustrated notes

Levels and vault maps discovered:
D:        dungeon_sprint_mu [sprint_mu_entry_cave, sprint_mu_temple_rooms,
          sprint_mu_d1_spiders, sprint_mu_d2_genie, sprint_mu_d3_branching,
          sprint_mu_orc_legion, sprint_mu_elf_gauntlet, sprint_mu_hive_nellie,
          sprint_mu_lair_fedhas, sprint_mu_vaults_butterflies,
          sprint_mu_slime_circle, sprint_mu_shoals_kraken,
          sprint_mu_snake_twists, sprint_mu_blade_basic, sprint_mu_crypt_lich,
          sprint_mu_tomb_spiral, sprint_mu_vestibule_basic,
          sprint_mu_gehenna_hellfire, sprint_mu_dis_giant,
          sprint_mu_tartarus_statrot, sprint_mu_cocytus_islands, sprint_mu_zot1]

Skill      XL: |  1  2  3  4  5  6  7  8  9 10 11 |
---------------+----------------------------------+-----
Ice Magic      | 5 6 7 8 9 |  9.2
Spellcasting   | 4 6 7 8 |  8.7
Unarmed Combat | 2 4 7 8 9 10 14 15 | 15.3
Dodging        | 5 8 9 10 | 10.1
Fighting       | 5 6 8 9 10 | 10.8
Conjurations   | 4 |  4.0
Shields        | 3 4 |  4.0
Evocations     | 3 5 7 9 |  9.8
Stealth        | |  1.7

Action                   |  1- 3 |  4- 6 |  7- 9 | 10-12 || total
-------------------------+-------+-------+-------+-------++-------
Melee: Unarmed           |     1 |    36 |    58 |    33 ||   128
       Punch             |       |     2 |     2 |       ||     4
       Headbutt          |       |       |    10 |     6 ||    16
 Cast: Freeze            |    17 |    10 |    15 |       ||    42
       Frozen Ramparts   |     1 |     8 |    13 |    11 ||    33
       Ozocubu's Armour  |       |     2 |     8 |    11 ||    21
       Hailstorm         |       |       |     1 |     7 ||     8
Invok: Call Merchant     |       |       |     2 |     2 ||     4
Evoke: Lightning rod     |       |       |       |    34 ||    34
  Use: Potion            |     1 |     5 |       |       ||     6
       Scroll            |       |     4 |     1 |       ||     5
Armor: Robe              |     1 |     4 |     3 |       ||     8
       Skin              |       |     4 |       |       ||     4
       Animal skin       |       |       |     4 |    23 ||    27
Dodge: Dodged            |     9 |    12 |    35 |    43 ||    99
Block: Buckler           |       |       |       |    21 ||    21

Table legend: (Time is in decaauts)
 A = Elapsed time spent in this place.
 B = Non-inter-level travel time spent in this place.
 C = Inter-level travel time spent in this place.
 D = Time resting spent in this place.
 E = Time spent auto-exploring this place.
 F = Levels seen in this place.
 G = Mean time per level.
                   A        B        C        D        E       F      G
               +--------+--------+--------+--------+--------+-----+--------+
         Total |   3492 |   3377 |    115 |   2484 |     57 |   1 | 3492.0 |
       Dungeon |   3492 |   3377 |    115 |   2484 |     57 |   1 | 3492.0 |
               +--------+--------+--------+--------+--------+-----+--------+

Top non-repeatable levels by time:
       D: 3492 daAuts
